[Event "Team 45 45 League T65"]
[Site "Internet Chess Club"]
[Date "2015.06.27"]
[Round "4"]
[White "HumanTornado"]
[Black "spand42"]
[Result "1/2-1/2"]
[WhiteElo "1905"]
[BlackElo "1972"]
[Opening "Ruy Lopez: Schliemann defense"]
[ECO "C63"]
[Time "09:48:38"]
[TimeControl "2700+45"]

1. e4 e5 2. Nf3 Nc6 3. Bb5 f5 4. d3 fxe4 5. dxe4 Nf6 6. Nc3 Bb4 7. Qd3 Bxc3+ 8.
Qxc3 Nxe4 9. Qb3 d6 10. Bxc6+ bxc6 11. Qa4 Nc5 12. Qxc6+ Bd7 13. Qd5 Be6 14.
Qc6+ Bd7 15. Qd5 Ne6 16. O-O O-O 17. Be3 Kh8 18. Rad1 Rb8 19. b3 Qe8 20. a4 Bc6
21. Qc4 Rxf3 22. gxf3 Bxf3 23. Qh4 Rb4 24. c4 Qg6+ 25. Qg3 Qxg3+ 26. fxg3 Bxd1
27. Rxd1 Rxb3 28. Bxa7 Ra3 29. Rb1 Kg8 30. Rb8+ Kf7 31. Rb7 Rxa4 32. c5 Kf6 33.
cxd6 cxd6 34. Bb8 d5 35. Rb5 Rd4 36. h3 Rd2 37. Kf1 Ng5 38. h4 Ne4 39. g4 h5 40.
Rb6+ Kf7 41. gxh5 Ng3+ 42. Ke1 Re2+ 43. Kd1 Re4 44. Rb7+ Kf6 45. Rb6+ Kf5 46.
Rg6 Kf4 47. Rxg7 Nxh5 48. Rg5 Nf6 49. Rg1 Rb4 50. Rf1+ Ke4 51. Bd6 Rb1+ 52. Ke2
Rb2+ 53. Kd1 Ng4 54. Re1+ Kd4 55. Kc1 Rh2 56. Be7 e4 57. Bd8 Rh3 58. Rd1+ Kc4
59. Rg1 Kc3 60. Ba5+ Kd3 61. Rxg4 Rh1+ 62. Kb2 e3 63. Bc3 e2 64. Rd4+ Ke3 65.
Rxd5 Rxh4 {Game drawn by mutual agreement} 1/2-1/2

[Event "Team 45 45 League T65"]
[Site "Internet Chess Club"]
[Date "2015.06.27"]
[Round "4"]
[White "Gilligan"]
[Black "achessman"]
[Result "1-0"]
[WhiteElo "2049"]
[BlackElo "1920"]
[Opening "French defense, Steiner variation"]
[ECO "A13"]
[Time "21:21:36"]
[TimeControl "2700+45"]

1. c4 e6 2. e4 d5 3. exd5 exd5 4. d4 Nf6 5. Nc3 Be7 6. Bd3 O-O 7. Nge2 Be6 8.
cxd5 Nxd5 9. O-O Nc6 10. Nxd5 Bxd5 11. Nc3 Bf6 12. Qh5 g6 13. Qxd5 Nxd4 14. Qxd8
Raxd8 15. Be3 c6 16. Rad1 Rd7 17. Ne2 Ne6 18. b3 Rfd8 19. Bc2 Kf8 20. Rxd7 Rxd7
21. Rd1 {Black resigns} 1-0

[Event "Team 45 45 League T65"]
[Site "Internet Chess Club"]
[Date "2015.06.25"]
[Round "4"]
[White "qlwqznzn"]
[Black "imgr8"]
[Result "1-0"]
[WhiteElo "2270"]
[BlackElo "2198"]
[Opening "Sicilian: Richter-Rauzer, Rauzer attack"]
[ECO "B63"]
[Time "21:46:38"]
[TimeControl "2700+45"]

1. e4 c5 2. Nf3 Nc6 3. d4 cxd4 4. Nxd4 Nf6 5. Nc3 d6 6. Bg5 e6 7. Qd2 Qb6 8.
O-O-O a6 9. Nb3 Be7 10. f3 O-O 11. g4 Rd8 12. Be3 Qc7 13. g5 Nd7 14. f4 b5 15.
Qf2 b4 16. Na4 Na5 17. Nb6 Nxb3+ 18. axb3 Rb8 19. Nxc8 Qxc8 20. Kb1 a5 21. f5 a4
22. bxa4 b3 23. Bb5 Qb7 24. fxe6 fxe6 25. cxb3 Qxe4+ 26. Bd3 Qb4 27. Bc2 Rf8 28.
Qg2 Qh4 29. Rd4 Qh5 30. Re4 Ne5 31. Bd4 Nf3 32. Rxe6 Nxd4 33. Rxe7 Nxc2 34. Qxc2
Qxg5 35. Rc7 Qe3 36. Qc3 Qxc3 37. Rxc3 Rf2 38. Ka2 h5 39. Ka3 g5 40. Rg1 Rxh2
41. Rxg5+ Kf7 42. b4 Kf6 43. Rd5 Ke6 44. Rcd3 Rb6 45. b5 Rh1 46. a5 Rb8 47.
Rxd6+ Ke5 48. R6d5+ Ke4 49. b6 Ra1+ 50. Kb4 Ra2 51. b3 {Black resigns} 1-0

[Event "Team 45 45 League T65"]
[Site "Internet Chess Club"]
[Date "2015.06.27"]
[Round "4"]
[White "imawesome"]
[Black "Percival"]
[Result "0-1"]
[WhiteElo "2009"]
[BlackElo "2112"]
[Opening "French: Tarrasch, closed variation"]
[ECO "C05"]
[Time "07:43:21"]
[TimeControl "2700+45"]

1. e4 e6 2. d4 d5 3. Nd2 Nf6 4. Bd3 dxe4 5. Nxe4 Nbd7 6. Nf3 Nxe4 7. Bxe4 Nf6 8.
Bd3 c5 9. O-O cxd4 10. Nxd4 Bc5 11. Nb3 Be7 12. Qf3 O-O 13. Re1 Qd5 14. Qg3 Bd6
15. Qh4 Qh5 16. Bg5 Qxh4 17. Bxh4 b6 18. Rad1 Bc7 19. Nd4 Bb7 20. Bg3 Bxg3 21.
hxg3 a6 22. c3 Rfd8 23. f3 g6 24. Kf2 Rd6 25. g4 Rad8 26. g5 Nd5 27. g3 Nb4 28.
Bb1 R8d7 29. a3 Nc6 30. Be4 Nxd4 {White disconnected and forfeits} 0-1

[Event "Team 45 45 League T65"]
[Site "Internet Chess Club"]
[Date "2015.06.30"]
[Round "4"]
[White "jt2000"]
[Black "rook9999"]
[Result "0-1"]
[WhiteElo "2058"]
[BlackElo "1929"]
[Opening "Sicilian: Najdorf, Byrne (English) attack"]
[ECO "B90"]
[Time "09:11:01"]
[TimeControl "2700+45"]

1. e4 c5 2. Nf3 d6 3. d4 cxd4 4. Nxd4 Nf6 5. Nc3 a6 6. Be3 e5 7. Nb3 Be6 8. f3
Be7 9. Qd2 Nbd7 10. g4 O-O 11. h4 b5 12. h5 b4 13. Ne2 d5 14. g5 d4 15. Bf2 Ne8
16. Rg1 Nb6 17. Na5 Rc8 18. Nc1 Nd6 19. Bxa6 Ra8 20. Nc6 Qc7 21. Nxe7+ Qxe7 22.
Qe2 Nbc4 23. Bxc4 Nxc4 24. Nd3 Qc7 25. f4 Nxb2 26. Nxe5 Qc3+ 27. Qd2 Nd3+ 28.
Nxd3 Qxa1+ 29. Ke2 Qxa2 30. Bxd4 Rfd8 31. Ne5 b3 32. Nc6 Qa6+ {White resigns}
0-1

[Event "Team 45 45 League T65"]
[Site "Internet Chess Club"]
[Date "2015.06.26"]
[Round "4"]
[White "vjbaker"]
[Black "Babaliyev"]
[Result "0-1"]
[WhiteElo "1806"]
[BlackElo "1989"]
[Opening "Sicilian: Canal-Sokolsky attack, Sokolsky variation"]
[ECO "B52"]
[Time "10:00:34"]
[TimeControl "2700+45"]

1. e4 c5 2. Nf3 d6 3. Bb5+ Bd7 4. Bxd7+ Qxd7 5. c4 Nc6 6. Nc3 g6 7. d4 cxd4 8.
Nxd4 Bg7 9. Be3 Nf6 10. f3 O-O 11. O-O Rfc8 12. b3 Qe8 13. Kh1 Qf8 14. Qd2 Nd7
15. Nce2 a6 16. Rad1 Rab8 17. a4 Nc5 18. Rb1 a5 19. Nb5 Nb4 20. Ned4 Nc6 21.
Rfd1 Bf6 22. Qf2 Qg7 23. Rd2 h5 24. Nxc6 Rxc6 25. Bxc5 Rxc5 26. Rd5 Rxd5 27.
cxd5 Rc8 28. Qa7 Qh6 29. Rd1 Rc1 30. Qg1 Rxd1 31. Qxd1 Qe3 32. h3 Be5 33. Na3
Qf4 34. Qg1 Qg3 35. Nc4 Bc3 36. Nb6 Be1 37. Nc4 h4 38. Qf1 Bb4 39. Ne3 Bc5 40.
Nc4 b6 41. Nb2 Bd4 42. Nd3 Kg7 43. f4 Qe3 44. Kh2 Qxe4 45. Qf3 Qxf3 46. gxf3 Kf6
47. Kg2 Kf5 48. Kf1 Be3 49. Ke2 Bxf4 50. Nf2 Ke5 51. Nd3+ Kf5 52. Nf2 Bh2 53.
Kd3 Bg1 54. Ne4 Kf4 55. Ke2 f5 56. Nc3 Kg3 57. Nb5 Kxh3 {White resigns} 0-1

[Event "Team 45 45 League T65"]
[Site "Internet Chess Club"]
[Date "2015.06.28"]
[Round "4"]
[White "gump12345"]
[Black "Zkid"]
[Result "0-1"]
[WhiteElo "2009"]
[BlackElo "2283"]
[Opening "French: Tarrasch, open variation"]
[ECO "C07"]
[Time "22:00:49"]
[TimeControl "2700+45"]

1. e4 e6 2. d4 d5 3. Nd2 c5 4. Ngf3 cxd4 5. Nxd4 Nc6 6. Bb5 Bd7 7. Nxc6 Bxc6 8.
Bxc6+ bxc6 9. c4 Nf6 10. Qa4 Qd7 11. e5 Ne4 12. Nxe4 dxe4 13. Be3 Be7 14. O-O
O-O 15. Qc2 Qd3 16. Qxd3 exd3 17. Rfd1 Rfd8 18. Rac1 Rab8 19. b3 Rd7 20. Kf1 h5
21. Bd2 Kh7 22. Ba5 Bd8 23. Bc3 Kg6 24. Rd2 Bg5 25. Rcd1 Bxd2 26. Rxd2 f6 27.
exf6 gxf6 28. f3 e5 29. Kf2 Re8 30. Ke3 f5 31. a4 e4 32. f4 c5 33. Be5 Rb7 34.
Rb2 a5 35. Bc3 Reb8 36. Bxa5 Rxb3 37. Rd2 Rb2 38. Bc3 Rxd2 39. Kxd2 Rb3 40. a5
e3+ 41. Kxd3 e2 42. a6 e1=Q {White resigns} 0-1

[Event "Team 45 45 League T65"]
[Site "Internet Chess Club"]
[Date "2015.06.25"]
[Round "4"]
[White "xwang1"]
[Black "Froggy"]
[Result "0-1"]
[WhiteElo "2030"]
[BlackElo "2040"]
[Opening "Robatsch defense"]
[ECO "B06"]
[Time "22:03:42"]
[TimeControl "2700+45"]

1. e4 g6 2. d4 Bg7 3. Nc3 c6 4. g3 d5 5. e5 f6 6. exf6 Nxf6 7. Bf4 O-O 8. Qd2 b5
9. Bg2 Nbd7 10. Nf3 Nb6 11. b3 Bf5 12. O-O Rc8 13. Rad1 Nh5 14. Bg5 Bg4 15. Qe3
Bf6 16. Bh6 Ng7 17. h3 Bxf3 18. Bxf3 Nf5 19. Qe6+ Rf7 20. Be3 b4 21. Ne2 Nd7 22.
Bg4 Nf8 23. Bxf5 Nxe6 24. Bxe6 Kg7 25. Bxc8 Qxc8 26. Kg2 Qf5 27. Rd3 e5 28. dxe5
Qxe5 29. Rb1 c5 30. Nf4 d4 31. Bd2 Re7 32. Rf3 Qd6 33. Nd3 Re2 34. Rd1 g5 35.
Rf5 Qc6+ 36. Kg1 Be7 37. Bxg5 Bd6 38. Bd2 c4 39. Nxb4 Bxb4 40. Bxb4 Rxc2 41. Rc5
Qf3 42. Re1 Qxf2+ {White resigns} 0-1

[Event "Team 45 45 League T65"]
[Site "Internet Chess Club"]
[Date "2015.06.26"]
[Round "4"]
[White "Monterrey"]
[Black "charles-allen"]
[Result "1-0"]
[WhiteElo "2021"]
[BlackElo "1832"]
[Opening "QGD: Tarrasch defense"]
[ECO "D32"]
[Time "20:01:29"]
[TimeControl "2700+45"]

1. d4 d5 2. Nf3 e6 3. c4 c5 4. cxd5 exd5 5. Nc3 Nc6 6. Bg5 Be7 7. Bxe7 Ngxe7 8.
e3 c4 9. Be2 O-O 10. O-O Bf5 11. b3 Qa5 12. Rc1 b5 13. Nh4 Be6 14. f4 Ng6 15.
Qe1 Nxh4 16. Qxh4 b4 17. Na4 Bf5 18. g4 Be4 19. f5 f6 20. Rf2 Rae8 21. Nc5 Bd3
22. Bxd3 cxd3 23. Ne6 Rf7 24. Rxc6 {Black resigns} 1-0

[Event "Team 45 45 League T65"]
[Site "Internet Chess Club"]
[Date "2015.06.24"]
[Round "4"]
[White "chessabc"]
[Black "Heian"]
[Result "0-1"]
[WhiteElo "1847"]
[BlackElo "1830"]
[Opening "Levitsky attack (Queen's bishop attack)"]
[ECO "D00"]
[Time "18:30:29"]
[TimeControl "2700+45"]

1. d4 d5 2. Bg5 f6 3. Bf4 e6 4. e3 f5 5. Qh5+ g6 6. Qd1 Bd6 7. Bg3 Nf6 8. Nf3
O-O 9. Be2 c6 10. Ne5 Qc7 11. f4 Ne4 12. Nd2 Nxd2 13. Qxd2 Nd7 14. h4 Nxe5 15.
dxe5 Be7 16. Bf2 Bd7 17. g4 Kh8 18. g5 Be8 19. h5 Kg7 20. hxg6 hxg6 21. O-O-O
Bf7 22. Rh2 c5 23. Rdh1 Rh8 24. Bg3 Rxh2 25. Rxh2 Rh8 26. Bd1 Rxh2 27. Qxh2 c4
28. c3 a5 29. Be1 b5 30. Kb1 Bc5 31. Qh6+ Kg8 32. Qh3 Be8 33. Bd2 Qb6 34. Ka1 b4
35. cxb4 axb4 36. Qf3 Qa7 37. Kb1 Qb6 38. Ka1 Bc6 39. Qh3 Be8 40. Qf3 b3 41. a3
Qa7 42. Bc1 d4 43. exd4 Bxd4 44. Be2 Qxa3+ {White resigns} 0-1

[Event "Team 45 45 League T65"]
[Site "Internet Chess Club"]
[Date "2015.06.29"]
[Round "4"]
[White "kabindra"]
[Black "Portola"]
[Result "0-1"]
[WhiteElo "1701"]
[BlackElo "1791"]
[Opening "French: Tarrasch"]
[ECO "C03"]
[Time "18:13:05"]
[TimeControl "2700+45"]

1. e4 e6 2. d4 d5 3. Nd2 dxe4 4. Nxe4 Be7 5. Nf3 Nd7 6. Bd3 Ngf6 7. Qe2 c5 8.
Nxc5 Nxc5 9. dxc5 Qa5+ 10. Bd2 Qxc5 11. O-O O-O 12. a3 Qb6 13. b4 Bd7 14. c4 a6
15. Ne5 Ba4 16. c5 Qd8 17. Nc4 Bb5 18. a4 Bxc4 19. Bxc4 Qc7 20. h3 Rfd8 21. Bc3
Qc6 22. a5 Rd7 23. Bb3 Qe4 24. Qb2 Rad8 25. Rfe1 Qf4 26. Be5 Qxb4 27. Bc3 Qxc5
28. Rac1 Qg5 29. Be5 Rd2 30. Bc2 Bc5 31. Rf1 Ne4 32. Bxe4 Rxb2 33. Bxb2 Qd2 34.
Rc2 Qxa5 35. Bxb7 Qb6 36. Bf3 Be7 37. Be5 Qb3 38. Be4 f5 39. Rc3 Qb5 40. Bc7
fxe4 41. Bxd8 Bxd8 42. Rc8 Qd7 43. Rfc1 Kf7 44. R1c6 a5 45. Rc4 a4 46. Ra8 Qd5
47. Rcxa4 Qd1+ 48. Kh2 Bc7+ 49. g3 Qf3 50. R8a7 Qxf2+ 51. Kh1 Qxg3 52. Ra2 Qxh3+
53. Kg1 Qg3+ 54. Kf1 Kf6 55. Rf2+ Qxf2+ 56. Kxf2 Bb6+ {White resigns} 0-1

[Event "Team 45 45 League T65"]
[Site "Internet Chess Club"]
[Date "2015.06.26"]
[Round "4"]
[White "rubo"]
[Black "QuieroAprender"]
[Result "1-0"]
[WhiteElo "1665"]
[BlackElo "1609"]
[Opening "Queen's pawn game"]
[ECO "A46"]
[Time "21:00:32"]
[TimeControl "2700+45"]

1. d4 Nf6 2. Nf3 d6 3. Bf4 Bg4 4. e3 Nbd7 5. Be2 c6 6. Nbd2 Nd5 7. Bg3 N7f6 8.
h3 Bh5 9. O-O h6 10. e4 Bxf3 11. Bxf3 Nb6 12. c4 e6 13. e5 dxe5 14. dxe5 Nfd7
15. Qc2 Be7 16. Ne4 O-O 17. Rad1 Qc7 18. Nf6+ gxf6 19. exf6 Ne5 20. fxe7 Nxf3+
21. gxf3 Qxe7 22. Bd6 Qg5+ 23. Kh2 Rfd8 24. Rg1 Nc8 25. Bf4 Rxd1 26. Qxd1 Qxg1+
27. Qxg1+ Kh7 28. Be5 {Black resigns} 1-0

[Event "Team 45 45 League T65"]
[Site "Internet Chess Club"]
[Date "2015.06.27"]
[Round "4"]
[White "SAC2001"]
[Black "otherook"]
[Result "1/2-1/2"]
[WhiteElo "1770"]
[BlackElo "1732"]
[Opening "Scandinavian (center counter) defense"]
[ECO "B01"]
[Time "12:00:36"]
[TimeControl "2700+45"]

1. e4 d5 2. exd5 Qxd5 3. Nc3 Qd8 4. d4 Nf6 5. Nf3 Bg4 6. h3 Bxf3 7. Qxf3 c6 8.
Be3 e6 9. Bc4 Bd6 10. O-O-O Nbd7 11. Kb1 O-O 12. g4 Nb6 13. Bd3 Nbd5 14. Nxd5
Nxd5 15. h4 Qc7 16. h5 Bf4 17. Qe4 f5 18. Qxe6+ Kh8 19. Bxf4 Nxf4 20. Qe3 Rae8
21. Qg3 fxg4 22. Qxg4 Nxd3 23. Rxd3 Rxf2 24. Rdh3 Ree2 25. Rf3 Rxc2 26. Rh2
Rxb2+ 27. Kc1 Rbc2+ 28. Kd1 Rcd2+ 29. Kc1 Rc2+ 30. Kd1 Rcd2+ 31. Kc1 Rc2+ 32.
Kd1 Rcd2+ {Game drawn by repetition} 1/2-1/2

[Event "Team 45 45 League T65"]
[Site "Internet Chess Club"]
[Date "2015.06.25"]
[Round "4"]
[White "Lrn2Mate"]
[Black "qingjoshua"]
[Result "1/2-1/2"]
[WhiteElo "1636"]
[BlackElo "1700"]
[Opening "Grünfeld: modern exchange variation"]
[ECO "D85"]
[Time "23:01:38"]
[TimeControl "2700+45"]

1. d4 Nf6 2. c4 g6 3. Nc3 d5 4. cxd5 Nxd5 5. e4 Nxc3 6. bxc3 Bg7 7. Nf3 O-O 8.
Be2 c5 9. O-O Nc6 10. Be3 cxd4 11. cxd4 Bg4 12. Rb1 Bxf3 13. Bxf3 Qd7 14. Bg4 e6
15. e5 Rfd8 16. Bf3 b6 17. Qa4 Rac8 18. Rbc1 Nxe5 19. Qxd7 Nxd7 20. d5 exd5 21.
Bxd5 Nf6 22. Bb3 Ne4 23. f3 Nc3 24. Kf2 Bd4 25. Rfe1 Bxe3+ 26. Kxe3 Re8+ 27. Kd2
Red8+ 28. Ke3 a5 29. a4 b5 30. axb5 Nxb5 31. Kf4 Kf8 32. Ra1 Ra8 33. Red1 Rxd1
34. Bxd1 Nc3 35. Ba4 Nxa4 36. Rxa4 Ra7 37. h4 Ke7 38. Ke5 f6+ 39. Kd5 Kd7 40. g4
h6 41. f4 Ra6 42. Kc5 Ke6 43. Re4+ Kf7 44. Ra4 Ke7 45. Re4+ Re6 46. Ra4 g5 47.
hxg5 hxg5 48. f5 Re5+ 49. Kc6 {Game drawn by mutual agreement} 1/2-1/2

[Event "Team 45 45 League T65"]
[Site "Internet Chess Club"]
[Date "2015.06.27"]
[Round "4"]
[White "gyu123987kool"]
[Black "parrot9"]
[Result "1-0"]
[WhiteElo "1701"]
[BlackElo "1602"]
[Opening "Sicilian: Najdorf, Byrne (English) attack"]
[ECO "B90"]
[Time "12:00:47"]
[TimeControl "2700+45"]

1. e4 c5 2. Nf3 d6 3. d4 cxd4 4. Nxd4 Nf6 5. Nc3 a6 6. Be3 e6 7. f3 Qc7 8. Qd2
Nbd7 9. g4 Ne5 10. O-O-O b5 11. Kb1 Bb7 12. h4 Nfd7 13. h5 Nb6 14. Qf2 b4 15.
Nxe6 fxe6 16. Bxb6 Qc6 17. Ne2 Nxf3 18. Qxf3 Qxb6 19. Nd4 d5 20. Bd3 Be7 21.
Rhe1 Bf6 22. Nxe6 Kf7 23. exd5 Rhd8 24. Nxd8+ Rxd8 25. g5 Bxd5 26. g6+ Kg8 27.
gxh7+ Kh8 28. Qxd5 {Black resigns} 1-0

[Event "Team 45 45 League T65"]
[Site "Internet Chess Club"]
[Date "2015.06.28"]
[Round "4"]
[White "chess2009"]
[Black "Skeptic1972"]
[Result "1-0"]
[WhiteElo "1773"]
[BlackElo "1553"]
[Opening "French: classical variation"]
[ECO "C14"]
[Time "01:00:38"]
[TimeControl "2700+45"]

1. e4 e6 2. d4 d5 3. Nc3 Nf6 4. Bg5 Be7 5. e5 Nfd7 6. Bxe7 Qxe7 7. Nf3 a6 8. Bd3
c5 9. dxc5 Nc6 10. Qe2 Nxc5 11. O-O O-O 12. h4 b5 13. Bxh7+ Kh8 14. Ng5 f6 15.
Qh5 {Black resigns} 1-0

[Event "Team 45 45 League T65"]
[Site "Internet Chess Club"]
[Date "2015.06.28"]
[Round "4"]
[White "nidusin2"]
[Black "RUPIS"]
[Result "0-1"]
[WhiteElo "1570"]
[BlackElo "1632"]
[Opening "QGD: Semi-Tarrasch defense"]
[ECO "D40"]
[Time "08:00:25"]
[TimeControl "2700+45"]

1. d4 d5 2. Nf3 e6 3. c4 c5 4. Nc3 Nf6 5. e3 Nc6 6. dxc5 Bxc5 7. cxd5 exd5 8.
Bb5 O-O 9. O-O Bg4 10. h3 Bh5 11. Ne2 Bxf3 12. gxf3 a6 13. Bxc6 bxc6 14. Qc2 Qd6
15. b3 Bb6 16. Bb2 Bc7 17. Ng3 Nh5 18. f4 Nxg3 19. fxg3 Qe6 20. Qc3 Qg6 21. Kh2
Rfe8 22. Rac1 Re6 23. Rf3 Rf6 24. Qc5 Rd6 25. Be5 Rd7 26. Qxc6 Qxc6 27. Rxc6
Bxe5 28. fxe5 Re7 29. Rf5 g6 30. Rff6 Rxe5 31. Rxa6 Rxa6 32. Rxa6 Rxe3 33. Kg2
d4 34. Kf2 Rc3 35. Ke2 Rxg3 36. b4 Rg5 37. a4 Rg2+ 38. Kd3 Rg3+ 39. Kxd4 Rxh3
40. b5 h5 41. b6 Rb3 42. Kc4 Rb1 43. Ra5 Rxb6 44. Rb5 Rc6+ 45. Kb4 Rc1 46. a5
Ra1 47. Kc5 h4 48. Kb6 h3 49. Rb2 g5 50. a6 g4 51. a7 g3 52. Rb3 g2 53. Rg3+ Kf8
54. Kb7 h2 {White resigns} 0-1

[Event "Team 45 45 League T65"]
[Site "Internet Chess Club"]
[Date "2015.06.28"]
[Round "4"]
[White "hudson"]
[Black "Insan996"]
[Result "1-0"]
[WhiteElo "1638"]
[BlackElo "1603"]
[Opening "Caro-Kann: Bronstein-Larsen variation"]
[ECO "B16"]
[Time "11:30:30"]
[TimeControl "2700+45"]

1. e4 c6 2. d4 d5 3. Nc3 dxe4 4. Nxe4 Nf6 5. Nxf6+ gxf6 6. c3 Bf5 7. Nf3 e6 8.
g3 Nd7 9. Bg2 Qc7 10. O-O O-O-O 11. Nh4 Bg6 12. b4 Nb6 13. a4 Nc4 14. Qe2 Nd6
15. b5 cxb5 16. axb5 Kb8 17. Nxg6 hxg6 18. Bf4 g5 19. b6 Qxb6 20. Rfb1 Qxb1+ 21.
Rxb1 gxf4 22. Bxb7 Nxb7 23. Qb5 Rd7 24. Qxd7 {Black resigns} 1-0

[Event "Team 45 45 League T65"]
[Site "Internet Chess Club"]
[Date "2015.06.28"]
[Round "4"]
[White "Ajolote"]
[Black "skuhl99"]
[Result "1/2-1/2"]
[WhiteElo "1678"]
[BlackElo "1442"]
[Opening "King's pawn opening"]
[ECO "B07"]
[Time "20:00:28"]
[TimeControl "2700+45"]

1. e4 d6 2. Nf3 Nf6 3. Nc3 g6 4. Be2 Bg7 5. d3 O-O 6. O-O a6 7. Be3 b5 8. a3 c5
9. Qd2 Ng4 10. h3 Nxe3 11. fxe3 b4 12. axb4 cxb4 13. Na4 a5 14. d4 Ba6 15. b3
Bxe2 16. Qxe2 Nc6 17. Nb2 Qc7 18. Nc4 Rfb8 19. Qd2 Rb5 20. Rf2 Rb7 21. Raf1 a4
22. bxa4 Rxa4 23. Qd3 Na5 24. Nxa5 Rxa5 25. Qd2 Ra2 26. Qd3 Rba7 27. Qb5 Ra8 28.
Qxb4 Rxc2 29. Rxc2 Qxc2 30. Qb7 Ra2 31. Ne1 Qd2 32. Qb8+ Bf8 33. Qb3 e6 34. Qd3
Qxd3 35. Nxd3 Re2 36. Re1 Rd2 37. Nf4 Bh6 38. g3 e5 39. dxe5 dxe5 40. Ng2 Bf8
41. Kf1 Bb4 42. Re2 Rd1+ 43. Kf2 g5 44. Rb2 Rd2+ 45. Rxd2 Bxd2 46. Ke2 Bc1 47.
Kf3 h5 48. g4 h4 49. Ne1 f6 50. Nd3 Ba3 51. Ke2 Kf7 52. Kd2 Ke6 53. Kc3 Be7 54.
Kc4 Kd6 55. Nb4 Bd8 56. Nd5 Kc6 57. Nb4+ Kd6 58. Nd5 Kc6 59. Nb4+ Kd6 60. Nd5
{Game drawn by repetition} 1/2-1/2

[Event "Team 45 45 League T65"]
[Site "Internet Chess Club"]
[Date "2015.06.25"]
[Round "4"]
[White "Grenadier"]
[Black "hondocando"]
[Result "1-0"]
[WhiteElo "1574"]
[BlackElo "1530"]
[Opening "Sicilian: closed, 6.Be3"]
[ECO "B26"]
[Time "20:07:38"]
[TimeControl "2700+45"]

1. e4 c5 2. Nc3 Nc6 3. g3 g6 4. Bg2 Bg7 5. d3 d6 6. Be3 e6 7. Qd2 Nge7 8. Nge2
O-O 9. O-O Nd4 10. Rab1 Nec6 11. a3 Nxe2+ 12. Nxe2 Qc7 13. c3 b5 14. Rfc1 Bb7
15. d4 c4 16. Rd1 Na5 17. Qc2 Rad8 18. d5 a6 19. dxe6 fxe6 20. Nf4 Bc8 21. Bh3
Qf7 22. Bb6 Nc6 23. Bxd8 Rxd8 24. a4 Bh6 25. Ne2 Ne5 26. Nd4 bxa4 27. Qxa4 Nd3
28. Rxd3 cxd3 29. Qd1 d2 30. Ne2 Rf8 31. f4 g5 32. Qxd2 gxf4 33. gxf4 Bb7 34.
Qxd6 Qg6+ 35. Kf2 Qxe4 36. Rg1+ Kh8 37. Bg2 Qf5 38. Bxb7 Bxf4 39. Nxf4 Qc2+ 40.
Ke3 Qf5 41. Rf1 e5 42. Ng6+ Qxg6 43. Qxf8+ Qg8 44. Qxg8+ Kxg8 45. Bxa6 {Black
resigns} 1-0

[Event "Team 45 45 League T65"]
[Site "Internet Chess Club"]
[Date "2015.06.29"]
[Round "4"]
[White "bayoumicardio10"]
[Black "GoIrish"]
[Result "1/2-1/2"]
[WhiteElo "1562"]
[BlackElo "1552"]
[Opening "Scandinavian (center counter) defense"]
[ECO "B01"]
[Time "20:31:37"]
[TimeControl "2700+45"]

1. e4 d5 2. exd5 Qxd5 3. Nc3 Qa5 4. d4 c6 5. Bd2 Nf6 6. Bc4 Qc7 7. Nf3 Bg4 8.
O-O e6 9. Re1 Be7 10. h3 Bh5 11. g4 Bg6 12. Ne5 Nbd7 13. Bf4 Bd6 14. Nxd7 Qxd7
15. Bxd6 Qxd6 16. d5 O-O-O 17. dxe6 Qf4 18. Qe2 Rhe8 19. e7 Rd2 20. Qf1 Nxg4 21.
hxg4 Qxg4+ 22. Kh1 Qh4+ 23. Kg1 Qg4+ 24. Kh1 Qh4+ 25. Kg1 Qg4+ {Game drawn by
repetition} 1/2-1/2

[Event "Team 45 45 League T65"]
[Site "Internet Chess Club"]
[Date "2015.06.27"]
[Round "4"]
[White "Greedy-Reedy"]
[Black "Percules"]
[Result "1-0"]
[WhiteElo "1875"]
[BlackElo "1662"]
[Opening "Sicilian: Alapin's variation (2.c3)"]
[ECO "B22"]
[Time "13:00:49"]
[TimeControl "2700+45"]

1. e4 c5 2. c3 Nf6 3. e5 Nd5 4. d4 cxd4 5. Nf3 Nc6 6. Bc4 Nb6 7. Bb3 d5 8. exd6
Qxd6 9. O-O Be6 10. Na3 dxc3 11. Qe2 Bxb3 12. Nb5 Qb8 13. axb3 g6 14. Be3 Nd5
15. Bxa7 Nxa7 16. Rxa7 Rxa7 17. Nxa7 Bg7 18. Qb5+ Kf8 19. Qxd5 cxb2 20. Ng5 e6
21. Qc5+ Ke8 22. Nb5 Bf8 23. Qc3 Rg8 24. Qxb2 Qf4 25. Nf3 Bg7 26. Qc2 Ke7 27.
Qc5+ Kf6 28. Re1 g5 29. Nd6 Rd8 30. Ne4+ Kg6 31. Nexg5 h6 32. Qc2+ Kh5 33. Ne4
b6 34. Ng3+ {Black resigns} 1-0

[Event "Team 45 45 League T65"]
[Site "Internet Chess Club"]
[Date "2015.06.29"]
[Round "4"]
[White "Starstrom"]
[Black "ToniMostarda"]
[Result "0-1"]
[WhiteElo "1778"]
[BlackElo "1827"]
[Opening "English: closed system"]
[ECO "A25"]
[Time "14:00:17"]
[TimeControl "2700+45"]

1. c4 Nc6 2. g3 e5 3. Bg2 g6 4. Nc3 Bg7 5. a3 d6 6. e3 h5 7. h4 Bg4 8. Qc2 Nf6
9. Nge2 Qd7 10. d3 a6 11. Bd2 O-O 12. O-O Rfe8 13. e4 Bh3 14. Nd5 Bxg2 15. Kxg2
Nxd5 16. cxd5 Nd4 17. Nxd4 exd4 18. Rac1 Rac8 19. Qb3 c5 20. dxc6 bxc6 21. Qb6
d5 22. f3 Rb8 23. Qxa6 Rxb2 24. Rf2 Reb8 25. Rxc6 dxe4 26. fxe4 R8b3 27. Qc4
Rxd3 28. Qxd3 Qxc6 29. Qf3 Rb7 30. Bb4 Qe6 31. e5 Rb8 32. Bd6 Rb3 33. Qa8+ Kh7
34. Qe4 d3 35. a4 Bh6 36. Bb4 Qd7 37. Qc4 Qb7+ 38. Kh2 Rxb4 39. Rxf7+ Bg7 40.
Rxb7 Rxc4 41. e6 d2 42. Rb1 Rxa4 43. e7 Re4 44. Rd1 Bc3 45. Kh3 Rxe7 46. g4 Re1
47. Rxd2 Bxd2 {White resigns} 0-1

[Event "Team 45 45 League T65"]
[Site "Internet Chess Club"]
[Date "2015.06.27"]
[Round "4"]
[White "unclevinny"]
[Black "DeepTheJeep"]
[Result "0-1"]
[WhiteElo "1571"]
[BlackElo "1594"]
[Opening "Sicilian: Kan, 5.Nc3"]
[ECO "B43"]
[Time "12:00:35"]
[TimeControl "2700+45"]

1. e4 c5 2. Nf3 e6 3. d4 cxd4 4. Nxd4 a6 5. Nc3 Qc7 6. Bd3 Nf6 7. O-O d6 8. a4
Be7 9. Kh1 O-O 10. f4 Nbd7 11. Qf3 b6 12. g4 Bb7 13. g5 Ne8 14. Nde2 f5 15. gxf6
Nexf6 16. Ng3 Nc5 17. h3 Rac8 18. Kh2 d5 19. exd5 exd5 20. Qe2 d4 21. Nce4 Nfxe4
22. Nxe4 Nxe4 23. Bxe4 Bxe4 24. Qxe4 Qxc2+ 25. Qxc2 Rxc2+ 26. Kg3 Bb4 27. Rd1
Rd8 28. Rd3 Kf7 29. Rb1 Ke6 30. Be3 dxe3 31. Rxd8 e2 32. Re8+ Kf5 33. Re5+ Kf6
34. Kf3 e1=Q 35. Rbxe1 Bxe1 36. Rxe1 Rxb2 37. Re4 a5 38. h4 Rb4 39. Ke3 Kf5 40.
Re5+ Kf6 41. Re4 Kf5 42. Re5+ Kf6 43. Re4 Rb3+ 44. Kd4 Kf5 45. Kd5 Rd3+ 46. Rd4
Rxd4+ 47. Kxd4 Kxf4 48. Kc4 g5 49. hxg5 Kxg5 50. Kb5 h5 51. Kxb6 h4 52. Kxa5 h3
{White resigns} 0-1

[Event "Team 45 45 League T65"]
[Site "Internet Chess Club"]
[Date "2015.06.27"]
[Round "4"]
[White "Freeloshowers"]
[Black "arthchan2003"]
[Result "0-1"]
[WhiteElo "1119"]
[BlackElo "1336"]
[Opening "King's gambit"]
[ECO "C30"]
[Time "17:00:30"]
[TimeControl "2700+45"]

1. e4 e5 2. f4 d6 3. Nf3 Nc6 4. Bc4 Be6 5. Bb3 Nf6 6. f5 Bxb3 7. axb3 Nxe4 8.
O-O Be7 9. Ra4 Nf6 10. d3 O-O 11. Rh4 Nd5 12. Rh3 Qd7 13. Ng5 h6 14. Qh5 Bxg5
15. Bxg5 Nf4 16. Rxf4 exf4 17. Bxh6 Qe7 18. Nd2 Qe1+ 19. Nf1 Nd4 20. g3 Qe2 21.
gxf4 Qxh5 22. Rxh5 gxh6 23. Rxh6 Nxf5 24. Rh5 Ng7 25. Rg5 Rae8 26. h4 Re2 27.
Ng3 f6 28. Rg4 Rxc2 29. h5 Kf7 30. h6 Rg8 31. h7 Rh8 32. Rh4 Rxb2 33. Rh6 Rxb3
34. Nh5 Nxh5 35. Rxh5 Rxd3 36. Kf2 Kg6 37. Rh4 Rxh7 38. Rxh7 Kxh7 39. Ke2 Rh3
40. f5 a5 41. Kd1 Rh2 42. Kc1 d5 43. Kb1 d4 44. Kc1 a4 45. Kb1 d3 46. Kc1 Rc2+
47. Kd1 a3 48. Ke1 a2 {White resigns} 0-1